 Dungeon Crawl Stone Soup version 0.29-a0-1027-gcd8c55af63 (webtiles) character file.

Game seed: 3394018716810526067

94 Plasmagod the Magician (level 4, -3/31 HPs)
             Began as a Djinni Fire Elementalist on Aug 13, 2022.
             Slain by a necrophage (7 damage)
             ... on level 4 of the Dungeon.
             The game lasted 00:05:21 (3139 turns).

Plasmagod the Magician (Djinni Fire Elementalist)   Turns: 3139, Time: 00:05:22

Health: -3/31      AC:  3    Str:  7    XL:     4   Next: 94%
Gold:   203        EV: 12    Int: 18    God:
                   SH:  0    Dex: 14

rFire   + + .      SeeInvis .   (no weapon)
rCold   x . .      Faith    .   (no shield)
rNeg    + . .      Spirit   .   a - +0 robe
rPois   ∞          Reflect  .   (no helmet)
rElec   .          Harm     .   (no cloak)
rCorr   .          Rampage  .   f - +0 pair of gloves
Will    .....                   (boots unavailable)
Stlth   ++........              (no amulet)
HPRegen 0.10/turn               c - ring of positive energy
MPRegen 0.00/turn               (no ring)

@: flying, very slightly contaminated
A: sickness immunity, fire resistance 2, cold vulnerability 1, float, innate
caster, HP casting, extra vitality 1
a: no special abilities


You were on level 4 of the Dungeon.
You visited 1 branch of the dungeon, and saw 4 of its levels.

You collected 203 gold pieces.

Inventory:

Armour
 a - a +0 robe (worn)
 f - a +0 pair of gloves (worn)
Jewellery
 c - a ring of positive energy (left hand)
Scrolls
 b - 2 scrolls of fear {unknown}
 g - 3 scrolls of identify {unknown}
 j - 2 scrolls of teleportation {unknown}
 k - 2 scrolls of enchant weapon {unknown}
 m - a scroll of poison {unknown}
 o - a scroll of blinking {unknown}
 p - a scroll of enchant armour {unknown}
 q - a scroll of amnesia {unknown}
 s - 2 scrolls of vulnerability {unknown}
Potions
 d - a potion of mutation {unknown}
 e - a potion of haste {unknown}
 h - a potion of attraction {unknown}
 i - a potion of curing {unknown}
 l - a potion of flight {unknown}
 n - 2 potions of heal wounds {unknown}
 r - a potion of magic {unknown}


   Skills:
 + Level 2.5 Dodging
 + Level 1.9 Stealth
 + Level 3.8 Spellcasting


You couldn't memorise any spells.
You knew the following spells:

 Your Spells              Type           Power      Damage    Failure   Level
a - Foxfire               Conj/Fire      68%        2x1d7     3%          1
b - Scorch                Fire           34%        2d6       4%          2
c - Conjure Flame         Conj/Fire      17%        6-21      9%          3
d - Inner Flame           Hex/Fire       17%        N/A       9%          3
e - Flame Wave            Conj/Fire      17%        2d7       30%         4
f - Apportation           Tloc           34%        N/A       3%          1
Your spell library was empty.

Dungeon Overview and Level Annotations

Branches:
Dungeon (4/15)
 Temple: D:4-7

Altars:

Annotations:
D:4 Grinder


Innate Abilities, Weirdness & Mutations

You are immune to sickness and miasma.
You are immune to poison.
Your flesh is very heat resistant. (rF++)
You are vulnerable to cold. (rC-)
You float through the air rather than walking.
You learn spells naturally, not from books.
Your magical power is your life essence.
You have superior vitality. (+4 MHP)


Message History

Grinder gestures at you.
You suddenly lose the ability to move!
The necrophage hits you.
You can move again.
Casting: Scorch (safe; 4% risk of failure)
Confirm with . or Enter, or press ? or * to list all spells.
The spell is quite dangerous to miscast (9% risk of failure)!
Continue anyway? [Y]es or [N]o only, please.
The spell is quite dangerous to miscast (9% risk of failure)!
Continue anyway?
The fire begins to smoulder!
The necrophage hits you but does no damage.
The necrophage smothers the flame.
Casting: Conjure Flame (quite dangerous; 9% risk of failure)
Confirm with . or Enter, or press ? or * to list all spells.
You miscast Scorch.
You are very lightly contaminated with residual magic.
Nothing appears to happen.
The necrophage is no longer more vulnerable to fire.
The necrophage hits you!
Casting: Scorch (safe; 4% risk of failure)
Confirm with . or Enter, or press ? or * to list all spells.
Flames lash Grinder.
Grinder is lightly wounded.
Grinder's fire resistance burns away.
* * * LOW HITPOINT WARNING * * *
The necrophage hits you but does no damage.
Casting: Scorch (safe; 4% risk of failure)
Confirm with . or Enter, or press ? or * to list all spells.
Flames lash Grinder.
Grinder is burned terribly!
Grinder is moderately wounded.
* * * LOW HITPOINT WARNING * * *
The necrophage hits you but does no damage.
The necrophage attacks as you move away!
The necrophage hits you.
* * * LOW HITPOINT WARNING * * *
Grinder says, "I used to sell toenails on the black market."
Grinder blinks!
The necrophage attacks as you move away!
The necrophage hits you!
You die...

# ##+## #.###.###.#
# #.# #.........# .
#.# #####.#####
##.## #.# ####...##
#.# #.$..... #.#
#.#.#.... #.#
#.......##########.#
#..§..n@.......#
###.############
#..)...# #.......
#....#.#. #...#.#.#.
##.# # # #. .. .# #.
#


You could see a necrophage.

Vanquished Creatures
  4 adders
  4 dart slugs
  3 orcs (D:2)
  4 ball pythons
  6 endoplasms
  2 giant cockroaches
  A goblin (D:3)
  3 hobgoblins (D:2)
  4 kobolds
  4 quokkas
  4 bats
  3 frilled lizards
  5 rats
47 creatures vanquished.

Vanquished Creatures (others)
  110 foxfires
110 creatures vanquished.

Grand Total: 157 creatures vanquished

Notes
Turn   | Place    | Note
-------+----------+-------------------------------------------
     0 | D:1      | Plasmagod the Djinni Fire Elementalist began the quest for
                  | the Orb.
     0 | D:1      | Plasmagod set off with the following spells memorised:
                  | Foxfire, Scorch, Conjure Flame, Inner Flame, Flame Wave.
     0 | D:1      | Reached XP level 1. HP: 15/15 MP: 0/0
   154 | D:1      | Reached XP level 2. HP: 17/21 MP: 0/0
   578 | D:1      | Reached skill level 3 in Spellcasting
   775 | D:1      | Reached XP level 3. HP: 24/25 MP: 0/0
   775 | D:1      | Learned a level 1 spell: Apportation
  1649 | D:2      | Reached XP level 4. HP: 23/31 MP: 0/0
  2825 | D:3      | Found a faded altar of an unknown god.
  3124 | D:4      | Noticed Grinder
  3124 | D:4      | Paralysed by Grinder for 3 turns
  3124 | D:4      | Noticed a necrophage
  3130 | D:4      | Paralysed by Grinder for 2 turns
  3139 | D:4      | Slain by a necrophage

Illustrated notes

Levels and vault maps discovered:
D:1:      lightli_arrival_statuegarden, layout_loops_ring
D:2:      layout_basic
D:3:      layout_rooms, shapermc_ecumenical_altar_petra
D:4:      layout_loops_corners, nicolae_qazlal_style_of_elements,
          pdpol_wu_jian_five_deadly_venoms, minmay_temple_entry_grid,
          uniq_grinder

Skill      XL: |  1  2 |
---------------+-------+-----
Spellcasting   | 3 |  3.8
Dodging        | |  2.5
Stealth        | |  1.9

Action                   |  1- 3 |  4- 6 || total
-------------------------+-------+-------++-------
 Cast: Foxfire           |    46 |    22 ||    68
       Scorch            |     8 |    15 ||    23
       Conjure Flame     |       |     1 ||     1
Armor: Robe              |     1 |     3 ||     4
Dodge: Dodged            |     3 |     1 ||     4

Table legend: (Time is in decaauts)
 A = Elapsed time spent in this place.
 B = Non-inter-level travel time spent in this place.
 C = Inter-level travel time spent in this place.
 D = Time resting spent in this place.
 E = Time spent auto-exploring this place.
 F = Levels seen in this place.
 G = Mean time per level.
                   A        B        C        D        E       F      G
               +--------+--------+--------+--------+--------+-----+--------+
         Total |   3137 |   3108 |     29 |      0 |   2833 |   4 |  784.2 |
       Dungeon |   3137 |   3108 |     29 |      0 |   2833 |   4 |  784.2 |
               +--------+--------+--------+--------+--------+-----+--------+

Top non-repeatable levels by time:
     D:2: 1468 daAuts
     D:1: 811 daAuts
     D:3: 707 daAuts
     D:4: 149 daAuts
